 Dungeon Crawl Stone Soup version 0.30.1 (webtiles) character file.

Game seed: 7275079561807857027

45 Peloso the Covered (level 3, 0/33 HPs)
             Began as a Minotaur Fighter on July 6, 2023.
             Slain by a gnoll
             ... wielding a +0 club
              (2 damage)
             ... on level 2 of the Dungeon.
             The game lasted 00:02:05 (1411 turns).

Peloso the Covered (Minotaur Fighter)               Turns: 1411, Time: 00:02:06

Health: 0/33       AC:  8    Str: 18 (20) XL:     3   Next: 42%
Magic:  2/2        EV:  9    Int:  3 (5)  God:
Gold:   94         SH:  4    Dex:  8 (11) Spells: 2/2 levels left

rFire   . . .        a - +0 long sword
rCold   . . .        d - +0 buckler
rNeg    . . .        b - +0 scale mail
rPois   .            (helmet restricted)
rElec   .            c - +0 cloak
rCorr   .            (no gloves)
SInv    .            (no boots)
Will    .....        (no amulet) Stlth
                     (no ring)
HPRegen 0.25/turn    (no ring)
MPRegen 0.08/turn

%: no passive effects
@: no status effects
A: horns 2, retaliatory headbutt
a: no special abilities


You were on level 2 of the Dungeon.
You visited 1 branch of the dungeon, and saw 2 of its levels.

You collected 94 gold pieces.

Inventory:

Hand Weapons
 a - a +0 long sword (weapon)
Armour
 b - a +0 scale mail (worn)
 c - a +0 cloak (worn)
 d - a +0 buckler (worn)
Scrolls
 e - a scroll of blinking {unknown}
 f - a scroll of fear {unknown}
 g - a scroll of fog {unknown}
 h - 2 scrolls of noise {unknown}
 l - a scroll of poison {unknown}
 m - a scroll of identify {unknown}
 n - a scroll of immolation {unknown}
 o - a scroll of amnesia {unknown}
 p - a scroll of torment {unknown}
 q - a scroll of magic mapping {unknown}
Potions
 i - 2 potions of might
 j - a potion of resistance
 k - 2 potions of brilliance


   Skills:
 + Level 4.2 Fighting
 + Level 3.0 Long Blades
 + Level 4.3 Armour
 + Level 0.1 Dodging
 + Level 4.0 Shields


You had 2 spell levels left.
You didn't know any spells.
Your spell library was empty.

Dungeon Overview and Level Annotations

Branches:
Dungeon (2/15)

Altars:


Innate Abilities, Weirdness & Mutations

You have a pair of horns on your head.
You reflexively headbutt those who attack you in melee.


Message History

You kill the worm!
Found a leather armour.
A gnoll comes into view. It is wielding a +0 club.
The gnoll shouts!
A gnoll comes into view. It is wielding a +0 whip.
There are monsters nearby!
There are monsters nearby!
There are monsters nearby!
The gnoll shouts!
A gnoll comes into view. It is wielding a +0 club.
The gnoll shouts!
A kobold comes into view. It is wielding a +0 dagger.
The gnoll hits you but does no damage.
You see here 12 gold pieces.
You hit the gnoll but do no damage. Your headbutt misses the gnoll.
The gnoll hits you with a +0 club. The gnoll misses you.
You block the gnoll's attack. The gnoll hits you with a +0 club.
You hit the gnoll. Your headbutt misses the gnoll.
The gnoll is moderately wounded.
The gnoll hits you with a +0 club. The gnoll hits you with a +0 whip.
You hit the gnoll.
The gnoll is moderately wounded.
You block the gnoll's attack. The gnoll hits you with a +0 whip.
The gnoll hits you with a +0 club.
Unknown command.
The gnoll attacks as you move away! The gnoll hits you with a +0 club.
The gnoll attacks as you move away! The gnoll hits you with a +0 whip.
The gnoll attacks as you move away! The gnoll hits you with a +0 club.
* * * LOW HITPOINT WARNING * * *
The gnoll attacks as you move away! The gnoll hits you but does no damage.
Things that are here:
a +0 short sword; 3 stones The gnoll attacks as you move away!
The gnoll hits you with a +0 club.
* * * LOW HITPOINT WARNING * * *
The gnoll attacks as you move away! The gnoll hits you but does no damage.
The gnoll attacks as you move away! The gnoll closely misses you.
The gnoll attacks as you move away! The gnoll hits you with a +0 club.
* * * LOW HITPOINT WARNING * * *
The gnoll attacks as you move away! The gnoll hits you with a +0 club.
You die...

#..##....######.## ##### ##....
.......### #..#####...# ####.
.......# ##.........#####..>
.......# #######.........##
.......# #...####### .......#
#...# ## .รท.....### #...# ##.
.<.......################# ##..
.......#........@ggg.K.#######...
.......###############.).........
######## #########... #... #...
#..[ ##.. ##. ##


You could see 3 gnolls and a kobold.

Vanquished Creatures
  A worm (D:2)
  2 dart slugs
  An orc (D:2)
  6 ball pythons
  3 endoplasms
  4 goblins
  3 hobgoblins
  3 quokkas (D:1)
  4 bats
  5 kobolds
  4 rats
36 creatures vanquished.

Notes
Turn   | Place    | Note
-------+----------+-------------------------------------------
     0 | D:1      | Peloso the Minotaur Fighter began the quest for the Orb.
     0 | D:1      | Reached XP level 1. HP: 19/19 MP: 0/0
   250 | D:1      | Reached XP level 2. HP: 27/27 MP: 1/1
   862 | D:1      | Reached XP level 3. HP: 33/33 MP: 2/2
  1409 | D:2      | HP: 1/33 [gnoll/+0 club (6)]
  1411 | D:2      | Slain by a gnoll

Illustrated notes

Levels and vault maps discovered:
D:1:      minmay_arrival_widening_spiral_wide, layout_loops_corners,
          minmay_quantized
D:2:      layout_rooms

Skill      XL: |  1  2  3 |
---------------+----------+-----
Shields        | 4 |  4.0
Armour         | 4 |  4.3
Fighting       | 4 |  4.2
Long Blades    | 3 |  3.0
Dodging        | |  0.1

Action                     || total
---------------------------++-------
  Melee: Long sword        ||    86
         Headbutt          ||     3
    Use: Potion            ||     3
 Armour: Scale mail        ||    47
  Dodge: Dodged            ||    32
  Block: Buckler           ||    23
